 Dungeon Crawl Stone Soup version 0.27-a0-819-g058290f16d (webtiles) character file.

Game seed: 11265963113777477911

9 crescentfresh the Conjurer (level 2, 0/19 HPs)
             Began as a Human Conjurer on Mar 30, 2021.
             Killed by Freeze
             ... generated by an endoplasm
              (1 damage)
             ... on level 1 of the Dungeon.
             The game lasted 00:01:47 (258 turns).

crescentfresh the Conjurer (Human Conjurer)          Turns: 258, Time: 00:01:48

Health: 0/19       AC:  2    Str:  7    XL:     2   Next: 25%
Magic:  3/5        EV: 12    Int: 18    God:
Gold:   42         SH:  0    Dex: 11    Spells: 4/5 levels left

rFire    . . .     SeeInvis .   b - +0 mace
rCold    . . .     Faith    .   (no shield)
rNeg     . . .     Spirit   .   a - +0 robe
rPois    .         Reflect  .   (no helmet)
rElec    .         Harm     .   (no cloak)
rCorr    .         Rampage  .   (no gloves)
Will     .....                  (no boots)
Stlth    ++........             (no amulet)
HPRegen  0.06/turn              (no ring)
MPRegen  0.09/turn              (no ring)

@: no status effects
A: no striking features
a: no special abilities


You were on level 1 of the Dungeon.
You visited 1 branch of the dungeon, and saw 1 of its levels.

You collected 42 gold pieces.

Inventory:

Hand Weapons
 b - a +0 mace (weapon)
Armour
 a - a +0 robe (worn)


   Skills:
 - Level 2.0 Dodging
 - Level 2.0 Stealth
 + Level 2.3 Spellcasting
 + Level 4.2 Conjurations


You had 4 spell levels left.
You knew the following spells:

 Your Spells              Type           Power      Damage    Failure   Level
a - Magic Dart            Conj           68%        1d6       3%          1

Your spell library contained the following spells:

 Spells                   Type           Power      Damage    Failure   Level
 Searing Ray              Conj           34%        3d4       4%          2
 Dazzling Flash           Conj/Hex       18%        N/A       22%         3
 Fulminant Prism          Conj/Hex       4%         3d6       58%         4
 Iskenderun's Mystic Bla  Conj/Tloc      9%         2d4       58%         4


Dungeon Overview and Level Annotations

Branches:
Dungeon (1/15)

Altars:


Message History

You kill the rat!
Casting: Magic Dart (safe; 3% risk of failure)
Confirm with . or Enter, or press ? or * to list all spells.
Aiming: Magic Dart (safe; 3% risk of failure)
Press: ? - help, Shift-Dir - straight line, f - endoplasm
Aim: an endoplasm (0% to evade)
The magic dart hits the endoplasm.
The endoplasm is moderately wounded.
The endoplasm hits you.
* * * LOW HITPOINT WARNING * * *
You hit the endoplasm but do no damage.
The endoplasm is moderately wounded.
The endoplasm freezes you.
You are frozen.
* * * LOW HITPOINT WARNING * * *
You hit the endoplasm but do no damage.
The endoplasm is moderately wounded.
The endoplasm barely misses you.
The endoplasm hits you but does no damage.
You aren't carrying any potions.
Casting: Magic Dart (safe; 3% risk of failure)
Confirm with . or Enter, or press ? or * to list all spells.
Aiming: Magic Dart (safe; 3% risk of failure)
Press: ? - help, Shift-Dir - straight line, f/p - endoplasm
Aim: an endoplasm (moderately wounded, 0% to evade)
The magic dart hits the endoplasm.
The endoplasm is severely wounded.
The endoplasm freezes you.
You are frozen.
* * * LOW HITPOINT WARNING * * *
Casting: Magic Dart (safe; 3% risk of failure)
Confirm with . or Enter, or press ? or * to list all spells.
Aiming: Magic Dart (safe; 3% risk of failure)
Press: ? - help, Shift-Dir - straight line, f/p - endoplasm
Aim: an endoplasm (severely wounded, 0% to evade)
The magic dart hits the endoplasm.
The endoplasm is almost dead.
The endoplasm freezes you.
You are frozen.
You die...

........# r.[.... #.#. ..... #.#.
#...## ........ #....# ...#....
#....######
.!....##.###########...........
....$.....................# #.
....#..##.....@J...##.#...##...
.$........>.##########.###.##..#
..........##..# #..# #^.#.##
........#.....## ###.## #.#..#
..........##...#####...#####....#
#........##..............###...#
#........###.†........##.......#
#........###[.........#.........
#.............................##


You could see an endoplasm.

Vanquished Creatures
  A dart slug (D:1)
  A ball python (D:1)
  An endoplasm (D:1)
  A giant cockroach (D:1)
  A quokka (D:1)
  A frilled lizard (D:1)
  A rat (D:1)
7 creatures vanquished.

Notes
Turn   | Place    | Note
-------+----------+-------------------------------------------
     0 | D:1      | crescentfresh the Human Conjurer began the quest for the
                  | Orb.
     0 | D:1      | Reached XP level 1. HP: 13/13 MP: 3/3
   145 | D:1      | Reached XP level 2. HP: 19/19 MP: 1/5
   258 | D:1      | Killed from afar by an endoplasm

Illustrated notes

Levels and vault maps discovered:
D:1:      scummos_arrival_simple_crosswalls, layout_rooms

Action                   || total
-------------------------++-------
Melee: Mace              ||    10
 Cast: Magic Dart        ||    15
Armor: Robe              ||     2
Dodge: Dodged            ||    14

Table legend: (Time is in decaauts)
 A = Elapsed time spent in this place.
 B = Non-inter-level travel time spent in this place.
 C = Inter-level travel time spent in this place.
 D = Time resting spent in this place.
 E = Time spent auto-exploring this place.
 F = Levels seen in this place.
 G = Mean time per level.
                   A        B        C        D        E       F      G
               +--------+--------+--------+--------+--------+-----+--------+
         Total |    261 |    261 |      0 |     30 |     79 |   1 |  261.0 |
       Dungeon |    261 |    261 |      0 |     30 |     79 |   1 |  261.0 |
               +--------+--------+--------+--------+--------+-----+--------+

Top non-repeatable levels by time:
     D:1: 261 daAuts
